 Dungeon Crawl Stone Soup version 0.30.0-29-ga12c61a403 (webtiles) character file.

Game seed: 18389900360793297834

91 CrazyMind the Magician (level 4, -2/32 HPs)
             Began as a Djinni Conjurer on June 23, 2023.
             Slain by a gnoll
             ... wielding a +3 flail
              (12 damage)
             ... on level 3 of the Dungeon.
             The game lasted 00:08:47 (1523 turns).

CrazyMind the Magician (Djinni Conjurer)            Turns: 1523, Time: 00:08:47

Health: -2/32      AC:  3    Str:  6    XL:     4   Next: 87%
Gold:   86         EV: 12    Int: 21    God:
                   SH:  5    Dex: 18

rFire   + + .        r - +0 short sword
rCold   x . .        (no shield)
rNeg    . . .        i - +0 leather armour
rPois   ∞            (no helmet)
rElec   .            (no cloak)
rCorr   .            (no gloves)
SInv    .            (boots unavailable)
Will    .....        p - amulet of reflection
Stlth   ++           j - +6 ring of dexterity
HPRegen 0.25/turn    (no ring)
MPRegen 0.00/turn

%: reflection, infuse magic (-3 HP)
@: flying
A: sickness immunity, fire resistance 2, cold vulnerability 1, float, innate
caster, HP casting, extra vitality 1
a: no special abilities


You were on level 3 of the Dungeon.
You visited 1 branch of the dungeon, and saw 3 of its levels.

You collected 86 gold pieces.

Inventory:

Hand Weapons
 f - a +0 dagger
 r - a +0 short sword (weapon)
Missiles
 g - 6 poisoned darts
Armour
 a - a +0 robe
 i - a +0 leather armour (worn)
Jewellery
 j - a +6 ring of dexterity (left hand)
 p - an amulet of reflection (around neck)
Scrolls
 c - a scroll of fear {unknown}
 d - 2 scrolls of amnesia {unknown}
 k - 2 scrolls of identify {unknown}
 n - a scroll of teleportation {unknown}
 o - 2 scrolls of poison {unknown}
 q - a scroll of summoning {unknown}
Potions
 b - 2 potions of heal wounds {unknown}
 e - 2 potions of might {unknown}
 h - a potion of brilliance {unknown}
 l - 2 potions of curing {unknown}
 m - a potion of resistance {unknown}


   Skills:
 * Level 1.0 Fighting
 + Level 0.1 Armour
 + Level 2.2 Dodging
 + Level 1.8 Stealth
 * Level 4.4 Spellcasting


You knew the following spells:

 Your Spells              Type           Power      Damage    Failure   Level
a - Magic Dart            Conj           92%        1d7       3%          1
b - Searing Ray           Conj           46%        2d6       4%          2
c - Dazzling Flash        Conj/Hex       46%        N/A       9%          3
d - Fulminant Prism       Conj/Hex       11%        3d9       28%         4
e - Iskenderun's Mystic   Conj/Tloc      23%        2d6       28%         4
f - Necrotise             Necr           92%        1d8       3%          1
Your spell library was empty.

Dungeon Overview and Level Annotations

Branches:
Dungeon (3/15) Zot: 16473

Altars:
Cheibriados


Innate Abilities, Weirdness & Mutations

You are immune to sickness and miasma.
You are immune to poison.
Your flesh is very heat resistant. (rF++)
You are vulnerable to cold. (rC-)
You float through the air rather than walking.
You learn spells naturally, not from books.
Your magical power is your life essence.
You have superior vitality. (+4 MHP)


Message History

The gnoll hits you from afar with a +0 spear.
Unknown command.
The searing ray hits the giant cockroach.
You kill the giant cockroach!
The searing ray hits the gnoll!
You kill the gnoll!
Your gnoll skeleton hits the gnoll.
The gnoll barely misses your gnoll skeleton.
Casting: Searing Ray (safe; 4% risk of failure)
Confirm with . or Enter, or press ? or * to list all spells.
Aiming: Necrotise (safe; 3% risk of failure)
Press: ? - help, Shift-Dir - straight line, f - gnoll
Aim: a gnoll, wielding a +0 flail (chance to affect: 86%)
The gnoll writhes in agony!
Your gnoll skeleton barely misses the gnoll.
The gnoll hits you with a +0 flail!
The gnoll hits your gnoll skeleton with a +3 flail!
Your gnoll skeleton is destroyed!
Casting: Necrotise (safe; 3% risk of failure)
Confirm with . or Enter, or press ? or * to list all spells.
Aiming: Necrotise (safe; 3% risk of failure)
Press: ? - help, Shift-Dir - straight line, f/p - gnoll
Aim: a gnoll, wielding a +0 flail (heavily wounded, chance to affect: 86%)
The gnoll writhes in agony.
* * * LOW HITPOINT WARNING * * *
You block the gnoll's attack.
Unknown command.
Casting: Necrotise (safe; 3% risk of failure)
Confirm with . or Enter, or press ? or * to list all spells.
Aiming: Necrotise (safe; 3% risk of failure)
Press: ? - help, Shift-Dir - straight line, f/p - gnoll
Aim: a gnoll, wielding a +0 flail (severely wounded, chance to affect: 86%)
The gnoll writhes in agony.
You kill the gnoll!
* * * LOW HITPOINT WARNING * * *
The dead are walking!
The rat misses you.
Your Fighting skill increases to level 1!
There is a stone staircase leading up here.
The gnoll attacks as you move away! The gnoll hits you with a +3 flail!
You die...

## .. .......
.### .......
...# .......
...
.......##.#
.....?.#@.#
.....).#g##
#...#r##.#
#.)).....#
.......#.####
.###Z#.#.# #.
....# ..
##.### .# #.


You could see a gnoll and a rat.

Vanquished Creatures
  3 gnolls (D:3)
  2 adders (D:2)
  4 endoplasms
  10 giant cockroaches
  A goblin (D:2)
  2 hobgoblins
  3 quokkas (D:1)
  2 ball pythons
  4 bats
  5 kobolds (D:2)
  4 rats
40 creatures vanquished.

Notes
Turn   | Place    | Note
-------+----------+-------------------------------------------
     0 | D:1      | CrazyMind the Djinni Conjurer began the quest for the Orb.
     0 | D:1      | CrazyMind set off with the following spells memorised:
                  | Magic Dart, Searing Ray, Dazzling Flash, Fulminant Prism,
                  | Iskenderun's Mystic Blast.
     0 | D:1      | Reached XP level 1. HP: 15/15 MP: 0/0
   164 | D:1      | Found a faded altar of an unknown god.
   336 | D:1      | Reached XP level 2. HP: 20/22 MP: 0/0
   566 | D:2      | Reached XP level 3. HP: 22/26 MP: 0/0
   566 | D:2      | Learned a level 1 spell: Necrotise
   726 | D:2      | Reached skill level 4 in Spellcasting
   849 | D:2      | Reached XP level 4. HP: 24/31 MP: 0/0
  1373 | D:2      | Found a snail-covered altar of Cheibriados.
  1520 | D:3      | Reached skill level 1 in Fighting
  1523 | D:3      | Slain by a gnoll

Illustrated notes

Levels and vault maps discovered:
D:1:      grunt_arrival_crossed_arrows, layout_rooms,
          shapermc_ecumenical_altar_rom_forum, minmay_misc_feat_chi
D:2:      minmay_roachtagon, layout_basic, basic_altar
D:3:      layout_loops_cross

Skill      XL: |  1  2  3  4 |
---------------+-------------+-----
Spellcasting   | 4 |  4.4
Fighting       | 1 |  1.0
Armour         | |  0.1
Dodging        | |  2.2
Stealth        | |  1.8

Action                     |  1- 3 |  4- 6 || total
---------------------------+-------+-------++-------
  Melee: Long sword        |    15 |     1 ||    16
         Short sword       |       |     4 ||     4
   Cast: Magic Dart        |    43 |     1 ||    44
         Searing Ray       |     7 |     4 ||    11
         Necrotise         |     2 |     7 ||     9
   Stab: Distracted        |       |     1 ||     1
 Armour: Leather armour    |     6 |     2 ||     8
  Dodge: Dodged            |    15 |     7 ||    22
  Block: Other             |     2 |     3 ||     5
         Reflection        |       |     1 ||     1
